[Event "Late-Titled-Tuesday-Blitz-April-30-2024"]
[Site "Chess.com"]
[Date "2024.04.30"]
[Round "10"]
[White "Navyblue1"]
[Black "emeli_chess"]
[Result "1-0"]
[WhiteElo "2251"]
[BlackElo "2414"]
[TimeControl "180+1"]
[EndTime "15:56:13 PDT"]
[Termination "Navyblue1 won by checkmate"]

1. d4 Nf6 2. c4 e6 3. Nf3 d5 4.
Nc3 Bb4 5. Bd2 O-O 6. e3 dxc4 7.
Bxc4 Nc6 8. O-O Bd6 9. Nb5 e5 10. Nxd6 cxd6 11. dxe5 dxe5 12. Bc3 Qxd1 13. Rfxd1 Bg4 14.
h3 Bxf3 15. gxf3 Rfd8 16. Kf1 a6 17. a4 Nd7 18. Ke2 Nb6 19. Bb3 a5 20. Rg1 Kf8 21. f4 f6 22. fxe5 Nxe5 23. Bxe5 fxe5 24. Rg5 Re8 25.
Rf5+ Ke7 26. Rf7+ Kd6 27. Rxb7 Kc6 28. Rxg7 Nd7 29. Rc1+ Nc5 30. Rxh7 Red8 31. Rh6+ Rd6 32. Rxd6+ Kxd6 33. Rd1+ Ke7 34. Bd5 Rb8 35. b3 Rh8 36.
Rc1 Kd6 37. e4 Rxh3 38. f3 Rh2+ 39. Ke3 Rb2 40. Rc3 Rb1 41. Bc4 Nd7 42. Rd3+ Ke7 43.
Rd5 Re1+ 44. Kf2 Rc1 45. Rxa5 Kd6 46. Rd5+ Ke7 47. Kg3 Rg1+ 48. Kf2 Rc1 49. a5 Ra1 50. a6 Nb6 51. Rxe5+ Kd6 52. Rh5 Kc6 53. Rh6+ Kc5 54. Rh5+ Kc6 55. f4 Ra3 56. f5 Nxc4 57. bxc4 Kd6 58.
Rh6+ Ke5 59. Re6+ Kf4 60. f6 Ra2+ 61. Kg1 Kg3 62. Kf1 Kf3 63. Ke1 Ke3 64. Kd1 Kd3 65.
Kc1 Kc3 66. Kb1 Rb2+ 67. Kc1 Ra2 68. Kb1 Rb2+ 69. Ka1 Rf2 70. Rb6 Kxc4 71. a7 Kc5 72. Rb2 Rf1+ 73. Ka2 Rxf6 74. a8=Q Rc6 75. Qa3+ Kd4 76.
Rd2+ Ke5 77. Qg3+ Kxe4 78. Qd3+ Kf4 79. Rf2+ Kg4 80. Qf3+ Kh4 81. Rh2+ Kg5 82. Rg2+ Kh4 83. Qg3+ Kh5 84. Qh3# 1-0

[Event "Late-Titled-Tuesday-Blitz-April-30-2024"]
[Site "Chess.com"]
[Date "2024.04.30"]
[Round "10"]
[White "NoSpaghettiForYou"]
[Black "Binary010"]
[Result "0-1"]
[WhiteElo "2521"]
[BlackElo "2889"]
[TimeControl "180+1"]
[EndTime "15:56:33 PDT"]
[Termination "Binary010 won by resignation"]

1. e4 a6 2. d4 b5 3. Nf3 Bb7 4.
Bd3 e6 5. O-O c5 6. dxc5 Bxc5 7.
a4 b4 8. c3 Nf6 9. Qe2 Nc6 10.
Bg5 h6 11. Bh4 Be7 12. Nbd2 Nh5 13. Bxe7 Qxe7 14. Qe3 Nf6 15. Nc4 O-O 16. a5 d5 17.
Nb6 Rad8 18. e5 Nd7 19. Bc2 Nc5 20. Nd4 bxc3 21. bxc3 Ne4 22. Rfb1 Nxe5 23. f3 f5 24. fxe4 dxe4 25. Bb3 f4 26. Qh3 Kh8 27. Nxe6 f3 28.
Nxf8 Qc5+ 29. Kh1 e3 30. Bd5 Bxd5 31. Nxd5 Qxd5 32. gxf3 Rxf8 33. Qg2 Nxf3 34. Rf1 Qe4 35. Rae1 Rf6 36. Re2 Qf4 37. Rxf3 Qxf3 38. Qxf3 Rxf3 39. Kg2 Rf5 40. Rxe3 Rxa5 41. Re7 Rc5 42. Ra7 a5 43. Kf2 Kh7 44. c4 Kg6 45. Ke3 Rxc4 46. Rxa5 Rc2 47. h4 Rh2 48. Ra6+ Kh5 49. Kf3 Rxh4 50. Ra7 g6 51. Kg3 g5 52. Ra6 Rg4+ 53. Kh3 Rb4 54. Ra3 Rb6 55. Kg3 Kg6 56. Kh3 h5 57. Kg3 Rc6 58. Kh3 Rf6 59. Kg3 h4+ 60. Kh3 Kh5 61. Ra5 Rb6 62. Ra3 g4+ 63. Kh2 Rb5 64. Rc3 Kg5 65.
Rd3 Rb2+ 66. Kg1 h3 67. Ra3 Kh4 68. Ra4 Re2 69. Kh1 Kg3 70. Ra3+ Kf4 71. Ra4+ Re4 72.
Ra1 g3 73. Rf1+ Kg4 74. Rg1 Kh4 75. Ra1 Kg4 76. Rg1 Re2 77. Ra1 Kf4 78. Rf1+ Ke4 79. Rg1 Kf3 80. Ra1 Rh2+ 81. Kg1 Rg2+ 82. Kh1 Rb2 83.
Rf1+ Kg4 84. Ra1 Kg5 85. Ra5+ Kf4 86. Ra4+ Kf5 87. Ra1 Kg6 88. Rd1 Rf2 89. Ra1 Kf5 90. Rb1 Kf4 91. Ra1 Kg4 92. Ra4+ Rf4 93. Ra1 g2+ 94. Kh2 Rf1 95. Ra4+ Kf5 96. Ra5+ Ke6 97. Ra6+ Kd7 98. Rg6 Rh1+ 0-1

[Event "Late-Titled-Tuesday-Blitz-April-30-2024"]
[Site "Chess.com"]
[Date "2024.04.30"]
[Round "10"]
[White "Cambek64"]
[Black "vanyakuba"]
[Result "1-0"]
[WhiteElo "2510"]
[BlackElo "2403"]
[TimeControl "180+1"]
[EndTime "15:56:45 PDT"]
[Termination "Cambek64 won by resignation"]

1. e4 d5 2. Nc3 dxe4 3. Nxe4 Qd5 4. d3 Nc6 5. Nf3 Nf6 6. Qe2 Bg4 7. c3 O-O-O 8. Bf4 e5 9. Bg5 Be7 10. Qe3 h6 11.
Bh4 g5 12. Bg3 Nh5 13. h3 Be6 14. Bh2 f5 15. Ned2 Nf4 16. Bxf4 exf4 17. Qe2 Bf6 18. d4 Rhe8 19. Kd1 g4 20. Ne1 Bxd4 21. cxd4 Nxd4 22.
Qc4 Qd6 23. Qc3 f3 24. gxf3 Nxf3 25. Nxf3 gxf3 26. Bb5 c6 27. Re1 Kb8 28. Ba4 Bd5 29.
Kc2 Qf4 30. Bb3 Re2 31. Rxe2 fxe2 32. Qe3 Qxe3 33. fxe3 Bg2 34. Re1 Bxh3 35. Rxe2 Bg4 36. Rf2 Re8 37. Nf1 h5 38. Bc4 h4 39. Be2 h3 40. Bxg4 fxg4 41. Kd2 Kc7 42. Ke2 Rg8 43. Ng3 Rh8 44. Rh2 Kd6 45. Kf2 Ke5 46. Ne2 Rf8+ 47.
Kg3 Rg8 48. Nf4 Ke4 49. Re2 c5 50. b3 b6 51. Nh5 Rg6 52. Nf4 Rg8 53. Nh5 Rg6 54. Rf2 Kxe3 55. Rf7 Rd6 56. Re7+ Kd3 57. Nf4+ Kc3 58. Kxg4 Kb4 59. Rxa7 b5 60. Rh7 Rd2 61.
Rxh3 Rxa2 62. Nd3+ Ka3 63. Nxc5 Rb2 64. Kf4 Kb4 65. Rh5 Kc3 66. Ke4 Re2+ 67. Kd5 Re1 68. Kc6 b4 69. Kb5 Re8 70. Rh3+ Kb2 71. Na4+ Ka3 72. Nc5 Rb8+ 73. Kc4 Rc8 74. Rh7 Kb2 75. Ra7 Rc6 76. Ra4 Rb6 77. Rxb4 Rh6 78. Ra4 Rh1 79. Kb5 Rc1 80. Rc4 Rh1 81. b4 Rh8 82. Rd4 Ka3 83. Kc4 Rh1 84. Nd3 Rc1+ 85. Nxc1 Kb2 86. b5 Kb1 87. b6 Ka1 88. b7 Kb1 89. b8=Q+ Kxc1 90. Qb5 1-0

[Event "Late-Titled-Tuesday-Blitz-April-30-2024"]
[Site "Chess.com"]
[Date "2024.04.30"]
[Round "10"]
[White "simaopdias"]
[Black "wild3000"]
[Result "0-1"]
[WhiteElo "2344"]
[BlackElo "2496"]
[TimeControl "180+1"]
[EndTime "15:56:58 PDT"]
[Termination "wild3000 won on time"]

1. e4 a6 2. Nf3 b5 3. d3 Bb7 4. Bf4 e6 5. Nbd2 Nf6 6. Be2 c5 7. O-O d5 8. exd5 Nxd5 9. Bg3 Nc6 10. Re1 Be7 11. Ne4 Qb6 12. Qd2 O-O 13. Nd6 Rfd8 14. Nxb7 Qxb7 15. Ne5 Bf6 16. Nxc6 Qxc6 17. c3 c4 18. Bf3 cxd3 19. Qxd3 Rac8 20. Rad1 Qc5 21. Qe4 h6 22. h3 a5 23. a3 b4 24. axb4 axb4 25. cxb4 Nxb4 26. Rxd8+ Rxd8 27. Qe2 Qc2 28. Qxc2 Nxc2 29. Rb1 Nd4 30. Be4 Nb3 31. Bf4 Rd4 32. f3 Rb4 33. Bd6 Bd4+ 34. Kh2 Rb6 35. Ba3 Nd2 36. Rc1 Nxe4 37. fxe4 Bxb2 38. Rc8+ Kh7 39. Bxb2 Rxb2 40. Rc7 Kg6 41. Kg3 Rb3+ 42. Kf2 Kf6 43. Rd7 h5 44. Ke2 h4 45. Kf2 g5 46. Ke2 Rg3 47.
Kf2 Kg6 48. Rd8 Kg7 49. Ra8 g4 50. hxg4 Rxg4 51. Kf3 Rg3+ 52. Kf2 Rc3 53. Ra5 Kg6 54. Rb5 Kf6 55. Rh5 Rc2+ 56. Kf3 Rc3+ 57. Kf2 Kg6 58.
Rxh4 Kg5 59. Rh7 f6 60. Rg7+ Kf4 61. Rf7 Rc2+ 62. Kg1 Ke5 63. Kf1 Rc4 64. Kf2 Rxe4 65. Ra7 Kf4 66. Rf7 f5 67. Ra7 Rb4 68. Ra2 e5 69. Rc2 e4 70. Ra2 Rd4 71. Rb2 Rd3 72. Rc2 Kg4 73. Rc8 Rb3 74. Rg8+ Kf4 75. g3+ Ke5 76.
Re8+ Kf6 77. Rf8+ Ke6 78. Rb8 Rb2+ 79. Ke3 Rb3+ 80. Kf2 Rf3+ 81. Kg2 Kf6 82. Rg8 Ke5 83. Re8+ Kd4 84. Rb8 Rc3 85. Kf2 Rc2+ 86. Kf1 Ke3 87. Rb3+ Kd4 88. Ra3 Ke5 89. Kg1 Kf6 90. Kf1 Kg5 91.
Ra8 Kg4 92. Rg8+ Kf3 93. Kg1 e3 94. g4 f4 95. g5 Kg3 96. Kf1 f3 97. Rd8 Rc1+ 0-1

[Event "Late-Titled-Tuesday-Blitz-April-30-2024"]
[Site "Chess.com"]
[Date "2024.04.30"]
[Round "11"]
[White "Darkbluelord"]
[Black "Shiner22"]
[Result "1-0"]
[WhiteElo "2203"]
[BlackElo "2274"]
[TimeControl "180+1"]
[EndTime "16:00:07 PDT"]
[Termination "Darkbluelord won by checkmate"]

1. e4 c5 2. Nc3 Nc6 3. f4 g6 4. Nf3 Bg7 5. Bc4 e6 6. f5 exf5 7. d3 Nge7 8. O-O O-O 9. Qe1 d6 10. Bg5 h6 11. Qh4 hxg5 12. Nxg5 Re8 13. Nxf7 Qb6 14. Ng5+ Kf8 15. Nh7# 1-0

[Event "Late-Titled-Tuesday-Blitz-April-30-2024"]
[Site "Chess.com"]
[Date "2024.04.30"]
[Round "11"]
[White "RuperezA"]
[Black "super_emi_26"]
[Result "0-1"]
[WhiteElo "2635"]
[BlackElo "2785"]
[TimeControl "180+1"]
[EndTime "16:00:08 PDT"]
[Termination "super_emi_26 won by resignation"]

1. e4 g6 2. d4 Bg7 3. Nc3 d6 4. Bc4 a6 5. a4 Nf6 6. Qe2 Nc6 7.
Nf3 Bg4 8. Be3 O-O 9. h3 Bxf3 10.
gxf3 e5 11. dxe5 dxe5 12. Nd5 Nd4 13. Bxd4 exd4 14. O-O-O c6 15. Nxf6+ Qxf6 16. Kb1 b5 17. Bb3 c5 18. Bd5 Rab8 19. axb5 d3 0-1

[Event "Late-Titled-Tuesday-Blitz-April-30-2024"]
[Site "Chess.com"]
[Date "2024.04.30"]
[Round "11"]
[White "Godzillator"]
[Black "PNEPaul"]
[Result "1-0"]
[WhiteElo "2370"]
[BlackElo "1971"]
[TimeControl "180+1"]
[EndTime "16:00:09 PDT"]
[Termination "Godzillator won by resignation"]

1. e4 e5 2. Bc4 Nc6 3. Nf3 Be7 4. d3 Nf6 5. O-O O-O 6. c3 d6 7. h3 Be6 8. Nbd2 Qc8 9. Bxe6 fxe6 10. Nc4 b5 11. Ne3 d5 12. Qc2 Kh8 13. a4 a6 14.
axb5 axb5 15. Rxa8 Qxa8 16. Ng5 Nxe4 17. Nxe6 Rf6 18.
dxe4 Rxe6 19. exd5 1-0

[Event "Late-Titled-Tuesday-Blitz-April-30-2024"]
[Site "Chess.com"]
[Date "2024.04.30"]
[Round "11"]
[White "dropstoneDP"]
[Black "AlexeiShirov"]
[Result "1/2-1/2"]
[WhiteElo "2996"]
[BlackElo "2839"]
[TimeControl "180+1"]
[EndTime "16:00:50 PDT"]
[Termination "Game drawn by agreement"]

1. e4 e5 2. Nf3 Nc6 3. Bc4 Nf6 4. d3 Bc5 5. Nc3 d6 6. Na4 Bb6 7. a3 Be6 8. Bxe6 fxe6 9. O-O O-O 10. b4 Nd4 11. Nxb6 Nxf3+ 12. Qxf3 axb6 13. Qe2 Qe8 14. f4 exf4 15. Bxf4 e5 16. Bg5 Qe6 17. a4 Nd7 18.
Rxf8+ Rxf8 19. a5 bxa5 20. bxa5 d5 21. exd5 Qxd5 22. Qe4 Qxe4 23. dxe4 Ra8 24. Rb1 Nc5 25. Rb5 Nxe4 26. Rxe5 Nxg5 27. Rxg5 b6 28. axb6 cxb6 29.
Rb5 Rc8 30. Rxb6 Rxc2 31. Rb8+ 1/2-1/2

[Event "Late-Titled-Tuesday-Blitz-April-30-2024"]
[Site "Chess.com"]
[Date "2024.04.30"]
[Round "11"]
[White "ExchangeAB"]
[Black "pedroholly22"]
[Result "1-0"]
[WhiteElo "2459"]
[BlackElo "2445"]
[TimeControl "180+1"]
[EndTime "16:00:59 PDT"]
[Termination "ExchangeAB won by resignation"]

1. d4 d5 2. Nf3 e6 3. e3 c5 4. c3 Nf6 5. Nbd2 Nc6 6. Bd3 Bd6 7. dxc5 Bxc5 8. O-O O-O 9. b4 Bd6 10. Bb2 e5 11. e4 dxe4 12. Nxe4 Nxe4 13. Bxe4 f5 14.
Bd5+ Kh8 15. b5 Ne7 16. c4 e4 17. Qd4 Rf6 18. Ng5 Nxd5 19. Qxd5 Bxh2+ 20. Kxh2 Rh6+ 21. Nh3 Qxd5 22. cxd5 f4 23. Rfe1 Bf5 24. Rac1 f3 25. Rc7 Rg8 26. Re3 fxg2 27. Kxg2 1-0

[Event "Late-Titled-Tuesday-Blitz-April-30-2024"]
[Site "Chess.com"]
[Date "2024.04.30"]
[Round "11"]
[White "th3d4rkness"]
[Black "JaackCamel"]
[Result "0-1"]
[WhiteElo "2155"]
[BlackElo "2276"]
[TimeControl "180+1"]
[EndTime "16:01:16 PDT"]
[Termination "JaackCamel won by resignation"]

1. e4 e6 2. d3 d5 3. Nd2 c5 4.
Ngf3 Nc6 5. g3 Nf6 6. Bg2 g6 7. O-O Bg7 8. Re1 O-O 9. c3 a5 10. a3 a4 11. e5 Ng4 12. d4 cxd4 13. cxd4 f6 14. h3 Nxf2 15. Kxf2 fxe5 16. dxe5 Qb6+ 17.
Kf1 Nxe5 18. Rxe5 Bxe5 19. Qe1 Bg7 20. Qf2 Bd4 21. Qe2 Bd7 22. Ke1 Bb5 23. Nxd4 Bxe2 24. Nxe2 Qf2+ 25. Kd1 Qxg2 26. b4 Rac8 27. Bb2 Rf2 0-1

[Event "Late-Titled-Tuesday-Blitz-April-30-2024"]
[Site "Chess.com"]
[Date "2024.04.30"]
[Round "11"]
[White "tolimachess"]
[Black "simaopdias"]
[Result "0-1"]
[WhiteElo "2419"]
[BlackElo "2354"]
[TimeControl "180+1"]
[EndTime "16:01:23 PDT"]
[Termination "simaopdias won by checkmate"]

1. e4 c5 2. Nf3 g6 3. d4 cxd4 4.
Nxd4 Nc6 5. c4 Bg7 6. Be3 Nf6 7. Nc3 O-O 8. Be2 Nxd4 9. Bxd4 d6 10. O-O Bd7 11.
h3 a5 12. Qc2 Bc6 13. f3 Nd7 14. Bxg7 Kxg7 15. Rad1 Qb6+ 16. Kh2 Rfd8 17. f4 Nc5 18. Bf3 Ne6 19. f5 Nd4 20. Qf2 Nxf3+ 21. Qxf3 f6 22.
Rd2 Qc5 23. Qe2 a4 24. h4 a3 25. b3 Qe5+ 26. g3 Qxc3 27. h5 Qe5 28. fxg6 hxg6 29. hxg6 Rh8+ 30. Kg1 Qxg3+ 31. Qg2 Qe3+ 32. Qf2 Qxe4 33. Qe1 Rh1+ 34. Kf2 Qf3# 0-1

[Event "Late-Titled-Tuesday-Blitz-April-30-2024"]
[Site "Chess.com"]
[Date "2024.04.30"]
[Round "11"]
[White "NajdorfPlayerc5"]
[Black "Russian_berezka"]
[Result "1-0"]
[WhiteElo "2500"]
[BlackElo "2590"]
[TimeControl "180+1"]
[EndTime "16:01:30 PDT"]
[Termination "NajdorfPlayerc5 won by resignation"]

1. Nf3 Nf6 2. g3 d5 3. b3 c5 4. Bb2 Nc6 5. Bg2 e6 6. O-O Be7 7. d4 cxd4 8. Nxd4 Bd7 9. c4 dxc4 10. Nxc6 Bxc6 11. Bxc6+ bxc6 12. bxc4 O-O 13. Nc3 Qa5 14. Qa4 Qc5 15. Rac1 Rab8 16. Rc2 Rfc8 17. Rfc1 Qh5 18.
Kg2 Rb4 19. Qa6 Ng4 20. Qxc8+ Bf8 21. h3 Nxf2 22. Kxf2 Qh6 23. Ba3 1-0

[Event "Late-Titled-Tuesday-Blitz-April-30-2024"]
[Site "Chess.com"]
[Date "2024.04.30"]
[Round "11"]
[White "HipsterChess22"]
[Black "cristiano78"]
[Result "1-0"]
[WhiteElo "2204"]
[BlackElo "2265"]
[TimeControl "180+1"]
[EndTime "16:01:30 PDT"]
[Termination "HipsterChess22 won by resignation"]

1. d4 Nf6 2. Nc3 g6 3. e4 d6 4. f3 Bg7 5. Be3 c6 6. Qd2 O-O 7. O-O-O b5 8. h4 b4 9. Nce2 a5 10. Kb1 Nbd7 11. h5 e5 12. Bh6 Re8 13. Bxg7 Kxg7 14.
hxg6 fxg6 15. Qh6+ Kg8 16. Nh3 Qe7 17. Ng5 Qg7 18.
Qh2 h5 19. dxe5 dxe5 20. Nc1 Nc5 21. Bc4+ Kf8 22. Rd6 Qe7 23. Rxf6+ Qxf6 24. Nh7+ Kg7 25. Nxf6 Kxf6 26. Qh4+ Kg7 27. Qg5 1-0

[Event "Late-Titled-Tuesday-Blitz-April-30-2024"]
[Site "Chess.com"]
[Date "2024.04.30"]
[Round "11"]
[White "DanielNaroditsky"]
[Black "kemelgallo"]
[Result "1-0"]
[WhiteElo "3018"]
[BlackElo "2637"]
[TimeControl "180+1"]
[EndTime "16:01:47 PDT"]
[Termination "DanielNaroditsky won by checkmate"]

1. e4 e5 2. Nf3 Nc6 3. Bb5 a6 4. Ba4 Nf6 5. O-O Nxe4 6. Re1 Nc5 7. Bxc6 dxc6 8. d4 Ne6 9. Nxe5 Be7 10. c3 O-O 11. Be3 Re8 12. Nd2 g6 13. Qf3 f6 14.
Ng4 Ng7 15. Nh6+ Kf8 16. Ne4 Nf5 17. g4 Nxe3 18. Rxe3 Kg7 19. g5 f5 20. h4 Be6 21.
Rae1 Qd7 22. Qf4 Bd6 23. Nxd6 cxd6 24. d5 Bg8 25. Qd4+ Kf8 26. Qf6+ Bf7 27. Qh8+ Bg8 28.
Qxg8# 1-0

[Event "Late-Titled-Tuesday-Blitz-April-30-2024"]
[Site "Chess.com"]
[Date "2024.04.30"]
[Round "11"]
[White "emeli_chess"]
[Black "LuciaMalanRamos"]
[Result "1-0"]
[WhiteElo "2417"]
[BlackElo "2123"]
[TimeControl "180+1"]
[EndTime "16:01:48 PDT"]
[Termination "emeli_chess won by checkmate"]

1. d4 d5 2. c4 e6 3. Nc3 Nf6 4. cxd5 exd5 5. Bg5 Be7 6. e3 c5 7. dxc5 Bxc5 8. Nf3 Be6 9. Be2 Be7 10. O-O h6 11. Bh4 O-O 12. Nb5 Nc6 13. Nbd4 Bg4 14. h3 Nxd4 15. Nxd4 Bxe2 16. Qxe2 Ne4 17. Bxe7 Qxe7 18.
Rac1 Rac8 19. a3 a6 20. Qg4 Nf6 21. Qxc8 Rxc8 22. Rxc8+ Kh7 23. Rfc1 Ne4 24. R8c7 Qh4 25. Rxf7 Kg6 26. Rcc7 Ng5 27. Rxg7+ Kh5 28. g4+ Qxg4+ 29. hxg4+ Kxg4 30. Ne6 Kh5 31. Nxg5 hxg5 32. Kg2 Kg4 33. Rcd7 b5 34. Rxd5 Kh5 35. Rdxg5+ Kh6 36. R5g6+ Kh5 37. Rg8 Kh4 38. Rh6# 1-0

[Event "Late-Titled-Tuesday-Blitz-April-30-2024"]
[Site "Chess.com"]
[Date "2024.04.30"]
[Round "11"]
[White "Msb2"]
[Black "artin10862"]
[Result "1-0"]
[WhiteElo "3030"]
[BlackElo "2866"]
[TimeControl "180+1"]
[EndTime "16:01:55 PDT"]
[Termination "Msb2 won by resignation"]

1. d4 d5 2. c4 e6 3. Nc3 Bb4 4. e3 Nf6 5. Bd2 O-O 6. Nf3 b6 7. cxd5 exd5 8. Rc1 Bb7 9. Bd3 Nbd7 10. O-O Re8 11. Nb5 Bxd2 12. Nxd2 Ba6 13. Nb3 Bxb5 14. Bxb5 Re6 15. Qd3 Rc8 16. Bc6 Nf8 17. Qa6 Ng4 18.
h3 Qh4 19. Bxd5 Rh6 20. Qb7 Qd8 21. hxg4 Qh4 22. f4 Qg3 23. Qxc8 Qxe3+ 24. Rf2 Qg3 25. Rxc7 Qh2+ 26. Kf1 Qh1+ 27. Ke2 Re6+ 28. Bxe6 fxe6 29.
Qe8 Qd1+ 30. Kxd1 h6 31. Qf7+ 1-0

[Event "Late-Titled-Tuesday-Blitz-April-30-2024"]
[Site "Chess.com"]
[Date "2024.04.30"]
[Round "11"]
[White "Sanan_Sjugirov"]
[Black "MKlose11"]
[Result "1-0"]
[WhiteElo "2991"]
[BlackElo "2685"]
[TimeControl "180+1"]
[EndTime "16:01:59 PDT"]
[Termination "Sanan_Sjugirov won by resignation"]

1. e4 e6 2. d4 d5 3. Nd2 Be7 4. Ngf3 Nf6 5. e5 Nfd7 6. c3 c5 7. Bd3 Nc6 8. O-O a5 9. a4 cxd4 10. cxd4 Nb4 11. Bb1 b6 12. Re1 Ba6 13. Nf1 Rc8 14.
Ra3 Qc7 15. Rc3 Qb7 16. Ng3 h5 17. h4 b5 18. Rxc8+ Qxc8 19. axb5 Bxb5 20. Bg5 Nc6 21. Bxe7 Nxe7 22. Ng5 g6 23. Qf3 Nf5 24. Bxf5 gxf5 25. Nxh5 Qc4 26. Ng7+ Kf8 27. N7xe6+ fxe6 28. Nxe6+ Ke7 29.
Nf4 Kd8 30. e6 Nb6 31. e7+ Kc7 32. Ne6+ Kb7 33. Qxf5 Nd7 34. Nd8+ Ka7 35. e8=Q Rxe8 36. Rxe8 Qf1+ 37. Kh2 Nf6 38. Re7+ Kb8 39. Rb7+ 1-0

[Event "Late-Titled-Tuesday-Blitz-April-30-2024"]
[Site "Chess.com"]
[Date "2024.04.30"]
[Round "11"]
[White "zverr1"]
[Black "Naoki"]
[Result "1-0"]
[WhiteElo "2487"]
[BlackElo "2585"]
[TimeControl "180+1"]
[EndTime "16:02:07 PDT"]
[Termination "zverr1 won by resignation"]

1. d4 Nf6 2. c4 g6 3. Nc3 Bg7 4. e4 d6 5. h3 O-O 6. Be3 e5 7. d5 Na6 8. g4 Nc5 9. f3 a5 10. Qd2 h5 11. Nge2 a4 12. Ng3 h4 13. Nge2 c6 14. Bg2 cxd5 15. cxd5 Bd7 16. O-O b5 17. Rac1 Qa5 18. Nd1 Qxd2 19. Bxd2 Nd3 20. Rc3 Nb4 21. Rc7 Nxa2 22. g5 Rfc8 23. Rxc8+ Rxc8 24. gxf6 Bxf6 25. Ne3 b4 26. Nc1 Bb5 27. Nxa2 Bxf1 28. Bxf1 a3 29. bxa3 b3 30. Nc3 b2 31. Bd3 Bg5 32. Kf2 Ra8 33.
a4 Bf4 34. Nc4 Bxd2 35. Nxd2 1-0

[Event "Late-Titled-Tuesday-Blitz-April-30-2024"]
[Site "Chess.com"]
[Date "2024.04.30"]
[Round "11"]
[White "rionelG"]
[Black "ATM622"]
[Result "0-1"]
[WhiteElo "2274"]
[BlackElo "2490"]
[TimeControl "180+1"]
[EndTime "16:02:17 PDT"]
[Termination "ATM622 won on time"]

1. e4 c6 2. d4 d5 3. e5 Bf5 4. Nf3 e6 5. Be2 Ne7 6. O-O Nd7 7. Nbd2 c5 8. c4 Rc8 9. dxc5 Nxc5 10. cxd5 Nxd5 11.
Bb5+ Nd7 12. Nc4 a6 13. Bxd7+ Qxd7 14. Ne3 Nxe3 15. Bxe3 Qxd1 16. Rfxd1 Be7 17. h3 Be4 18. Rac1 O-O 19. Rxc8 Rxc8 20. Rd7 Kf8 21. Ng5 Bd5 22. Nxh7+ Ke8 23. Rxe7+ Kxe7 24. b3 f6 25. exf6+ gxf6 0-1

[Event "Late-Titled-Tuesday-Blitz-April-30-2024"]
[Site "Chess.com"]
[Date "2024.04.30"]
[Round "11"]
[White "KogotBobra17"]
[Black "nabukatnezarr"]
[Result "0-1"]
[WhiteElo "2754"]
[BlackElo "2610"]
[TimeControl "180+1"]
[EndTime "16:02:20 PDT"]
[Termination "nabukatnezarr won by resignation"]

1. e4 e5 2. Nf3 Nc6 3. c3 Nf6 4. d4 d5 5. exd5 Qxd5 6. Be2 exd4 7. cxd4 Bb4+ 8. Nc3 O-O 9. O-O Bxc3 10. bxc3 Rd8 11. c4 Qe4 12. d5 Ne7 13. Re1 Ng6 14. Bd3 Qg4 15. Bg5 Nf4 16. Bxf4 Qxf4 17. Ne5 Bg4 18. Qb3 b6 19. Nc6 Re8 20. Bf1 Bd7 21. Ne7+ Kh8 22.
Re3 Ng4 23. Rh3 Qxf2+ 24. Kh1 Rxe7 25. Bd3 Re1+ 0-1

[Event "Late-Titled-Tuesday-Blitz-April-30-2024"]
[Site "Chess.com"]
[Date "2024.04.30"]
[Round "11"]
[White "GoltsevDmitry2000"]
[Black "Iskusnyh"]
[Result "1-0"]
[WhiteElo "2806"]
[BlackElo "2616"]
[TimeControl "180+1"]
[EndTime "16:02:25 PDT"]
[Termination "GoltsevDmitry2000 won by resignation"]

1. e4 e6 2. d4 d5 3. exd5 exd5 4.
Nf3 Nf6 5. c4 Bb4+ 6. Nc3 O-O 7.
Bd3 dxc4 8. Bxc4 Nc6 9. O-O Bg4 10. Bg5 h6 11. Bh4 a6 12. a3 Be7 13. Re1 Re8 14.
h3 Bxf3 15. Qxf3 Nxd4 16. Qxb7 Nf5 17. Bxf6 Bxf6 18. Rxe8+ Qxe8 19. Qxc7 Bd4 20. Bd5 Bxf2+ 21. Kxf2 Qe3+ 22. Kf1 Ng3+ 23. Qxg3 Qxg3 24. Bxa8 Qb8 25. Be4 Qxb2 26. Rb1 1-0

[Event "Late-Titled-Tuesday-Blitz-April-30-2024"]
[Site "Chess.com"]
[Date "2024.04.30"]
[Round "11"]
[White "realburq"]
[Black "klercaku"]
[Result "0-1"]
[WhiteElo "2353"]
[BlackElo "2263"]
[TimeControl "180+1"]
[EndTime "16:02:25 PDT"]
[Termination "klercaku won by resignation"]

1. e4 e5 2. Nc3 Nc6 3. Bc4 Nf6 4. Nf3 Nxe4 5. Bxf7+ Kxf7 6. Nxe4 d5 7. Neg5+ Kg8 8.
d4 h6 9. Nh3 e4 10. Nfg1 Kh7 11. Nf4 Be7 12. Be3 Rf8 13. h4 Bf6 14. Nge2 Bg4 15.
Qd2 Bxh4 16. g3 Bg5 17. O-O-O Qd6 18. Kb1 Nd8 19. Nxd5 Qxd5 20. Bxg5 Bxe2 21. Bxh6 Bxd1 22. Bxg7+ Kxg7 23. Qh6+ Kf7 24. Rh5 Qxh5 0-1

[Event "Late-Titled-Tuesday-Blitz-April-30-2024"]
[Site "Chess.com"]
[Date "2024.04.30"]
[Round "11"]
[White "PapaieDudu"]
[Black "Mikhal867"]
[Result "0-1"]
[WhiteElo "2378"]
[BlackElo "2520"]
[TimeControl "180+1"]
[EndTime "16:02:27 PDT"]
[Termination "Mikhal867 won by resignation"]

1. Nf3 c5 2. e3 g6 3. d4 Bg7 4. c4 Nf6 5. Nc3 O-O 6. Bd3 d5 7.
dxc5 dxc4 8. Bxc4 Qa5 9. O-O Rd8 10. Qe2 Qxc5 11. h3 Nc6 12. e4 e5 13. Be3 Nd4 14.
Nxd4 exd4 15. Rfd1 Be6 16. Bxe6 fxe6 17. Na4 Qb4 18. e5 dxe3 19. exf6 Bxf6 20. Nc3 Bxc3 21. bxc3 exf2+ 22. Kxf2 Qc5+ 23. Kg3 Qxc3+ 24. Kh2 Qf6 25. Rf1 Qe7 26. Rae1 Rd6 27. Rf3 Rf8 28. Re3 Rf6 29.
Qc4 Rc6 30. Qb3 Rb6 31. Qc4 Qd6+ 32. Kh1 Qd5 33. Qc8+ Kg7 34. Qe8 Rb2 35. Qe7+ Rf7 36. Qg5 Qxg5 0-1

[Event "Late-Titled-Tuesday-Blitz-April-30-2024"]
[Site "Chess.com"]
[Date "2024.04.30"]
[Round "11"]
[White "HandKnit"]
[Black "GolfBeforeChess"]
[Result "1-0"]
[WhiteElo "2500"]
[BlackElo "2341"]
[TimeControl "180+1"]
[EndTime "16:02:36 PDT"]
[Termination "HandKnit won by resignation"]

1. c4 Nf6 2. Nf3 e6 3. g3 d5 4. Bg2 c6 5. b3 Be7 6. O-O O-O 7. Bb2 Nbd7 8. d4 b6 9. Nc3 Bb7 10. Qc2 Rc8 11. e4 dxe4 12. Nxe4 c5 13. Nxf6+ Bxf6 14.
Rad1 Bxf3 15. Bxf3 cxd4 16. Bxd4 Qc7 17. Be3 Nc5 18. Rd2 Rfd8 19. Rfd1 Rxd2 20. Rxd2 Rd8 21. h4 Rd7 22. Rxd7 Qxd7 23. b4 Nd3 24. Qd2 Ne5 25. Qxd7 Nxd7 26. c5 Be5 27. Bc6 Nb8 28. Bb7 Bc7 29.
Kf1 Nd7 30. Ke2 Kf8 31. Kd3 Ke7 32. Kc4 h6 33. Kb5 Bd8 34. a4 f6 35. Ka6 1-0

[Event "Late-Titled-Tuesday-Blitz-April-30-2024"]
[Site "Chess.com"]
[Date "2024.04.30"]
[Round "11"]
[White "Hirna2005"]
[Black "Akhayan"]
[Result "0-1"]
[WhiteElo "2362"]
[BlackElo "2464"]
[TimeControl "180+1"]
[EndTime "16:02:51 PDT"]
[Termination "Akhayan won by resignation"]

1. e4 e5 2. Nf3 Nc6 3. Bc4 Nf6 4. d4 exd4 5. e5 d5 6. Bb5 Ne4 7. Nxd4 Bc5 8. Be3 Bxd4 9. Bxd4 O-O 10. Bxc6 bxc6 11.
O-O c5 12. Be3 d4 13. Bf4 Bb7 14. f3 Ng5 15. Na3 Ne6 16. Bg3 Qd5 17. Qd3 a5 18. Rfe1 Ba6 19. Qe4 Qxe4 20. Rxe4 Rab8 21. b3 Rfe8 22. Rd1 h6 23. f4 g6 24. Bf2 Ng7 25. g4 h5 26. h3 hxg4 27. hxg4 Bc8 28. g5 Bb7 29. Ree1 Nh5 30. Nc4 Nxf4 31. Nxa5 Bf3 32.
Ra1 Kg7 33. Bg3 Nh3+ 34. Kf1 Nxg5 35. Kf2 Bd5 36. Bh4 Ne4+ 37. Ke2 Rxe5 38. Kd3 Rh5 39. Be7 Rh3+ 40. Ke2 Re8 0-1

[Event "Late-Titled-Tuesday-Blitz-April-30-2024"]
[Site "Chess.com"]
[Date "2024.04.30"]
[Round "11"]
[White "KebabJangles"]
[Black "Laico"]
[Result "1-0"]
[WhiteElo "2340"]
[BlackElo "2412"]
[TimeControl "180+1"]
[EndTime "16:02:57 PDT"]
[Termination "KebabJangles won on time"]

1. d4 e6 2. c4 f5 3. g3 Nf6 4. Bg2 Be7 5. Nc3 O-O 6. Nf3 Bb4 7. O-O Bxc3 8. bxc3 d6 9. Nd2 c5 10. d5 e5 11. e4 fxe4 12. Nxe4 Nxe4 13. Bxe4 Qe8 14.
Rb1 b6 15. Qd3 Qh5 16. h4 Bg4 17. f3 Bh3 18. Rf2 Na6 19. Bg5 Rf6 20. Bxf6 gxf6 21. f4 f5 22. Bf3 Qg6 23. fxe5 Qxg3+ 24. Kh1 Qxf2 25. Rg1+ Kh8 26. exd6 Rd8 27. Be2 Qxh4 28. Rg3 Bf1+ 29. Kg1 Bxe2 30. Qe3 Qe4 31. Qg5 1-0